 Dungeon Crawl Stone Soup version 0.25.0-65-g31bcc41 (webtiles) character file.

203844 Dorkslayer the Peltast (level 19, -15/118 HPs)
             Began as a Gargoyle Fighter on Nov 5, 2020.
             Was the Champion of Okawaru.
             Demolished by a merfolk impaler
             ... wielding a +2 trident of protection
              (28 damage)
             ... in the Shoals on Nov 6, 2020.
             The game lasted 01:01:30 (7528 turns).

Dorkslayer the Peltast (Gargoyle Fighter)           Turns: 7528, Time: 01:01:31

Health: -15/118    AC:  0    Str: 27    XL:     19   Next: 6%
Magic:  29/29      EV: 16    Int: 10    God:    Okawaru [******]
Gold:   361        SH:  0    Dex:  9    Spells: 18/18 levels left

rFire    . . .     SeeInvis .   (weapon currently unavailable)
rCold    . . .     Gourm    .   (shield currently unavailable)
rNeg     + . .     Faith    .   (armour currently unavailable)
rPois    ∞         Spirit   .   (helmet currently unavailable)
rElec    .         Reflect  .   (cloak currently unavailable)
rCorr    .         Harm     .   (gloves currently unavailable)
MR       +....                  (boots currently unavailable)
Stlth    +.........             (no amulet)
HPRegen  0.29/turn              (ring currently unavailable)
MPRegen  0.21/turn              (ring currently unavailable)

@: pig-form, berserk cooldown, flying, studying Axes, very quick
A: small, negative energy resistance 1, evolution 1, petrification resistance,
rot immunity, AC +14
a: Heroism, Finesse, Renounce Religion


You were in the Shoals.
You worshipped Okawaru.
Okawaru was exalted by your worship.
You were not hungry.
You were a filthy swine.
You visited 3 branches of the dungeon, and saw 5 of its levels.
You visited the Abyss 1 time.

You collected 1177 gold pieces.
You spent 816 gold pieces at shops.

Inventory:

Hand Weapons
 a - a +1 vampiric demon blade
 d - a +4 long sword
 N - a +1 demon trident of flaming
 S - the +9 falchion "Giant's Toothpick" (melded) {slice, Str+4 Dex+5}
   (You took it off a merfolk in the Shoals)

   It inflicts extra damage upon your enemies.
   It affects your strength (+4).
   It affects your dexterity (+5).
Missiles
 s - 24 javelins (quivered)
 u - 4 throwing nets
 J - 6 silver javelins
 P - 10 javelins of penetration
Armour
 c - a +2 shield (melded)
 g - a +1 pair of gloves of strength (melded)
 l - a +0 pair of boots (melded)
 n - a +0 helmet (melded)
 G - a +2 plate armour of fire resistance (melded)
 H - a +0 cloak (melded)
 M - a +0 crystal plate armour
Jewellery
 e - a +5 ring of protection (melded)
 A - a +3 ring of dexterity
 F - a +3 ring of strength (melded)
Wands
 q - a wand of clouds (1)
 r - a wand of flame (29)
 x - a wand of random effects (7)
 C - a wand of acid (14)
 E - a wand of iceblast (10)
 Q - a wand of paralysis (3)
Scrolls
 b - 3 scrolls of identify
 h - 4 scrolls of remove curse
 i - 3 scrolls of teleportation
 p - a scroll of enchant weapon
 y - 2 scrolls of magic mapping
 z - 3 scrolls of fear
 B - a scroll of fog
Potions
 j - a potion of brilliance
 m - 2 potions of mutation
 t - a potion of agility
 v - a potion of resistance
 w - a potion of magic
Books
 L - a manual of Axes
Miscellaneous
 k - a lamp of fire
 o - a sack of spiders
 O - a phial of floods
Comestibles
 f - 12 rations
 K - 2 chunks of flesh


   Skills:
 + Level 12.6 Fighting
 + Level 14.3 Long Blades
 + Level 3.8 Throwing
 + Level 13.3 Armour
 + Level 4.5 Dodging
 + Level 1.4 Stealth
 + Level 17.1 Shields
 * Level 14.2 Invocations
 * Level 12.3 Evocations


You had 18 spell levels left.
You didn't know any spells.
Your spell library contained the following spells:

 Spells                   Type           Power        Failure   Level  Hunger
 Animate Skeleton         Necr           N/A          36%         1    ##.....
 Apportation              Tloc           #.....       36%         1    ##.....
 Confusing Touch          Hex            #.....       36%         1    ##.....
 Pain                     Necr           #...         36%         1    ##.....
 Summon Small Mammal      Summ           #...         36%         1    ##.....
 Regeneration             Chrm/Necr      #.........   75%         3    ####...
 Vampiric Draining        Necr           #.........   75%         3    ####...
 Animate Dead             Necr           N/A          98%         4    #####..


Dungeon Overview and Level Annotations

Branches:
Dungeon (3/3)              Temple (0/1) D:1          Shoals (1/1) D:3
 Spider (0/1) D:2           Slime (0/1) D:3             Orc (1/1) D:2
    Elf (0/1) Orc          Vaults (0/1) D:2          Depths (0/1) D:3

Altars:
Kikubaaqudgha
Okawaru
Trog
Uskayaw
Vehumet
Wu Jian
Xom
Zin
Beogh

Shops:
Orc :[!!}

Annotations:
Shoals Kirke


Innate Abilities, Weirdness & Mutations

You are resistant to torment.
((Your stone body is resilient. (AC +14)))
You are immune to poison.
((Your large and strong wings let you fly indefinitely.))
You resist negative energy. (rN+)
((You are resistant to electric shocks. (rElec)))
((You can survive without breathing.))
You are immune to petrification.
You are immune to rotting.
You evolve.


Message History

The merfolk impaler shouts!
You feel yourself speed up. The merfolk impaler barely misses you.
The merfolk impaler completely misses you.
You barely miss the merfolk impaler. The merfolk impaler closely misses you.
You miss the merfolk impaler. The merfolk impaler misses you.
You hit the merfolk impaler.
The merfolk impaler is lightly wounded.
The merfolk impaler hits you with a +2 trident of protection!
* * * LOW HITPOINT WARNING * * *
You miss the merfolk impaler.
The merfolk impaler is lightly wounded.
The merfolk impaler completely misses you.
You bite the merfolk impaler!
The merfolk impaler is lightly wounded.
The merfolk impaler misses you.
You barely miss the merfolk impaler.
The merfolk impaler is lightly wounded.
The merfolk impaler hits you with a +2 trident of protection!!
You die...

≈≈≈≈≈≈≈≈≈≈......#......≈≈≈
≈≈≈≈≈≈≈≈≈≈≈≈≈≈.##.....≈..≈
≈≈≈≈≈≈≈.≈≈≈≈≈≈..#...≈≈≈≈≈≈
≈≈≈≈≈≈...≈≈≈...##...≈..≈≈≈
≈≈≈≈≈≈...≈)≈≈.....[≈≈..≈≈≈
≈≈≈≈≈≈≈≈≈≈≈≈≈≈....)≈≈≈≈≈≈≈≈
≈≈≈≈≈≈≈≈≈≈≈≈..≈..≈≈≈≈≈≈≈≈≈≈
≈≈≈≈≈≈≈≈≈≈≈≈≈≈≈≈≈≈≈≈≈≈≈≈≈≈≈
≈≈≈≈≈≈≈≈≈≈≈≈≈≈≈≈hm≈≈≈≈≈≈≈≈≈
≈≈≈≈≈≈≈≈≈≈≈≈≈≈≈≈≈.≈≈≈≈≈≈≈≈≈
≈≈≈≈≈≈≈≈≈≈≈≈≈≈≈≈≈≈≈≈≈≈≈≈≈
≈≈≈≈≈≈≈≈≈≈≈≈≈≈≈≈≈≈≈≈≈≈≈≈
≈≈≈≈≈≈≈≈≈≈≈≈≈≈≈≈≈≈≈
≈≈≈≈≈≈≈≈≈≈≈≈≈≈≈≈≈≈≈
≈≈≈≈≈≈≈≈≈≈≈≈≈≈≈≈≈≈≈
≈≈≈≈≈≈≈≈≈≈≈≈≈≈≈≈≈≈≈
###################


You could see a merfolk impaler.

Vanquished Creatures
  A tentacled starspawn (Abyss:2)
  A stone giant (D:3)
  A dire elephant (D:3)
  3 merfolk javelineers (Shoals)
  3 merfolk impalers (Shoals)
  A great orb of eyes (D:3)
  3 vault guards
  4 ogre magi (Orc)
  A hydra (D:3)
  Erolcha (Orc)
  A merfolk aquamancer (Shoals)
  5 centaur warriors (D:3)
  A deep troll earth mage (D:3)
  An orc high priest (Orc)
  A deep elf knight (D:3)
  Sonja (Orc)
  Nergalle (Orc)
  A wretched star (Abyss:2)
  3 sea snakes (Shoals)
  A deep elf archer (D:3)
  8 harpies (Shoals)
  An ugly thing (D:3)
  3 fauns (Shoals)
  3 wolf spiders
  5 manticores
  5 orc sorcerers (Orc)
  2 cyclopes (D:3)
  A merfolk siren (Shoals)
  A komodo dragon (D:3)
  A freezing wraith (D:3)
  11 merfolk (Shoals)
  3 wind drakes (Shoals)
  A jumping spider (D:2)
  A hippogriff (D:2)
  4 snapping turtles (Shoals)
  2 slime creatures (D:3)
  A shadow (D:3)
  2 wraiths (D:3)
  A water elemental (Shoals)
  A redback (D:3)
  A wyvern (D:3)
  8 humans (D:2)
  4 hogs (Shoals)
  2 vampire mosquitoes (D:3)
  An acid dragon (D:3)
  2 ice beasts
  5 ogres
  3 orc warriors (Orc)
  An eye of draining (shapeshifter) (D:3)
  3 centaurs
  2 bullfrogs (D:2)
  A scorpion (D:1)
  A water moccasin skeleton (D:1)
  A wight (D:2)
  A howler monkey (D:1)
  3 crimson imps
  A hound (D:1)
  4 orc priests
  A jelly (D:2)
  19 orc wizards
  Jessica (D:2)
  A worker ant (D:1)
  Robin (D:2)
  A gnoll (D:1)
  2 adders (D:1)
  A shadow imp (D:1)
  An adder zombie (D:1)
  17 orcs
  A ball python (D:1)
  7 goblins (D:2)
  3 hobgoblins (D:2)
  A quokka (D:1)
  10 plants (Shoals)
203 creatures vanquished.

Vanquished Creatures (others)
  A human (D:2)
  An orc wizard (Orc)
  An orc (Orc)
  4 plants (Shoals)
  2 starspawn tentacles (Abyss:2)
9 creatures vanquished.

Grand Total: 212 creatures vanquished

Notes
Turn   | Place    | Note
-------+----------+-------------------------------------------
     0 | D:1      | Dorkslayer the Gargoyle Fighter began the quest for the
                  | Orb.
     0 | D:1      | Reached XP level 1. HP: 14/14 MP: 1/1
    40 | D:1      | Reached skill level 4 in Shields
    40 | D:1      | Reached XP level 2. HP: 20/20 MP: 2/2
    40 | D:1      | Reached XP level 3. HP: 24/24 MP: 3/3
    40 | D:1      | Reached XP level 4. HP: 30/30 MP: 4/4
    40 | D:1      | Reached XP level 5. HP: 34/34 MP: 5/5
    40 | D:1      | Reached XP level 6. HP: 39/39 MP: 6/6
    93 | D:1      | Reached skill level 5 in Armour
    93 | D:1      | Reached skill level 5 in Shields
   103 | D:1      | Reached skill level 5 in Fighting
   103 | D:1      | Reached XP level 7. HP: 41/44 MP: 7/7
   104 | D:1      | Reached skill level 1 in Dodging
   106 | D:1      | Reached skill level 6 in Shields
   106 | D:1      | Reached XP level 8. HP: 45/51 MP: 8/8
   248 | D:1      | Reached skill level 7 in Shields
   258 | D:1      | Reached XP level 9. HP: 53/56 MP: 9/9
   289 | D:1      | Found a hide-covered altar of Uskayaw.
   349 | D:1      | Found an iron altar of Okawaru.
   357 | D:1      | Became a worshipper of Warmaster Okawaru
   381 | D:1      | Found a bloodstained altar of Trog.
   464 | D:1      | Found a glowing silver altar of Zin.
   482 | D:1      | Reached * piety under Okawaru
   482 | D:1      | Reached skill level 5 in Long Blades
   482 | D:1      | Reached skill level 8 in Shields
   594 | D:1      | Found a shimmering altar of Xom.
   595 | D:1      | Found an ornate altar of the Wu Jian Council.
   634 | D:1      | Found a staircase to the Ecumenical Temple.
   748 | D:2      | Reached ** piety under Okawaru
   748 | D:2      | Reached skill level 1 in Invocations
   748 | D:2      | Reached skill level 1 in Evocations
   757 | D:2      | Reached XP level 10. HP: 41/63 MP: 11/11
   795 | D:2      | Noticed Robin
   804 | D:2      | Killed Robin
   895 | D:2      | Noticed a vault guard
   895 | D:2      | Noticed a vault guard
   895 | D:2      | Noticed a vault guard
   960 | D:2      | Gained mutation: You evolve. [potion of mutation]
  1000 | D:2      | Killed a vault guard
  1000 | D:2      | Reached *** piety under Okawaru
  1000 | D:2      | Received a gift from Okawaru
  1000 | D:2      | Reached skill level 9 in Shields
  1000 | D:2      | Reached XP level 11. HP: 48/68 MP: 11/14
  1028 | D:2      | Found a hole to the Spider Nest.
  1098 | D:2      | Reached **** piety under Okawaru
  1098 | D:2      | Reached skill level 5 in Invocations
  1391 | D:2      | Noticed Jessica
  1401 | D:2      | Killed Jessica
  1453 | D:2      | Reached skill level 10 in Shields
  1508 | D:2      | Killed a vault guard
  1508 | D:2      | Reached ***** piety under Okawaru
  1508 | D:2      | Reached skill level 5 in Evocations
  1508 | D:2      | Reached XP level 12. HP: 10/74 MP: 16/16
  1598 | D:1      | Killed a vault guard
  1598 | D:1      | Reached skill level 11 in Shields
  2168 | D:2      | Reached ****** piety under Okawaru
  2183 | D:2      | Reached skill level 10 in Armour
  2199 | D:2      | Reached XP level 13. HP: 76/79 MP: 18/18
  2220 | D:2      | Identified a scroll of acquirement
  2351 | D:2      | Found a gate to the Vaults.
  2440 | D:2      | Found a staircase to the Orcish Mines.
  2451 | D:2      | Reached skill level 10 in Long Blades
  2529 | Orc      | Entered the Orcish Mines
  2536 | Orc      | Received a gift from Okawaru
  2537 | Orc      | Got a polished shield {god gift}
  2548 | Orc      | Identified the +0 shield of Beyond {*Slow rPois rN++ MR+}
                  | (Okawaru gifted it to you in the Orcish Mines)
  2571 | Orc      | Found a staircase to the Elven Halls.
  2607 | Orc      | Found Tocoal's Gadget Shoppe.
  2715 | Orc      | Reached skill level 12 in Shields
  3217 | Orc      | Noticed an ogre mage
  3220 | Orc      | Paralysed by an ogre mage for 2 turns
  3233 | Orc      | Killed an ogre mage
  3233 | Orc      | Reached skill level 1 in Throwing
  3256 | Orc      | Gained mutation: Your large and strong wings let you fly
                  | indefinitely. [Gargoyle growth]
  3256 | Orc      | Reached XP level 14. HP: 80/86 MP: 15/20
  3283 | Orc      | Found Lovimo Gouq's Distillery.
  3516 | Orc      | Noticed Sonja
  3516 | Orc      | Noticed Nergalle
  3522 | Orc      | Cast into level 2 of the Abyss (Sonja)
  3528 | Abyss:2  | Noticed a tentacled starspawn
  3559 | Abyss:2  | Killed a tentacled starspawn
  3559 | Abyss:2  | Received a gift from Okawaru
  3559 | Abyss:2  | Reached skill level 10 in Invocations
  3596 | Abyss:2  | Reached skill level 10 in Fighting
  3598 | Orc      | Escaped the Abyss
  3599 | Orc      | Found an ancient bone altar of Kikubaaqudgha.
  3932 | Orc      | Bought a wand of iceblast (6) for 120 gold pieces
  3932 | Orc      | Bought a wand of acid (5) for 216 gold pieces
  3932 | Orc      | Bought a lamp of fire for 480 gold pieces
  3991 | Orc      | Reached skill level 13 in Shields
  3994 | Orc      | Killed Nergalle
  3994 | Orc      | Reached XP level 15. HP: 92/92 MP: 22/22
  4064 | Orc      | Found Hueval's Distillery.
  4074 | Orc      | Noticed Erolcha
  4078 | Orc      | Killed Sonja
  4078 | Orc      | Received a gift from Okawaru
  4105 | Orc      | Killed Erolcha
  4115 | Orc      | Reached skill level 1 in Stealth
  4141 | Orc      | Found a roughly hewn altar of Beogh.
  4142 | Orc      | Found Jial's Book Shop.
  4211 | Orc      | Found a radiant altar of Vehumet.
  4440 | Orc      | Found Eluetoll's Antique Armour Shop.
  4595 | D:3      | Entered Level 3 of the Dungeon
  4620 | D:3      | Received a gift from Okawaru
  4927 | D:3      | Reached skill level 14 in Shields
  4927 | D:3      | Reached XP level 16. HP: 35/99 MP: 24/24
  5249 | D:3      | Reached skill level 10 in Evocations
  5318 | D:3      | Found a staircase to the Slime Pits.
  5409 | D:3      | Received a gift from Okawaru
  5800 | D:3      | Received a gift from Okawaru
  5810 | D:3      | Found a staircase to the Shoals.
  5819 | D:3      | Received a gift from Okawaru
  5819 | D:3      | Reached XP level 17. HP: 83/104 MP: 26/26
  6045 | D:3      | Received a gift from Okawaru
  6045 | D:3      | Reached skill level 15 in Shields
  6189 | D:3      | Found a staircase to the Depths.
  6450 | Shoals   | Entered the Shoals
  6594 | Shoals   | Identified the +9 falchion "Giant's Toothpick" {slice,
                  | Str+4 Dex+5}
  6620 | Shoals   | Received a gift from Okawaru
  6620 | Shoals   | Reached skill level 16 in Shields
  6620 | Shoals   | Reached XP level 18. HP: 35/112 MP: 23/28
  6711 | Shoals   | Received a gift from Okawaru
  6819 | Shoals   | Paralysed by a centaur for 3 turns
  7055 | Shoals   | Received a gift from Okawaru
  7077 | Shoals   | Reached skill level 17 in Shields
  7285 | Shoals   | Identified the +1 robe "Giric" {Str+3}
  7333 | Shoals   | Noticed Kirke
  7339 | Shoals   | Reached XP level 19. HP: 116/117 MP: 29/29
  7528 | Shoals   | Demolished by a merfolk impaler

Skill      XL: |  1  2  3  4  5  6  7  8  9 10 11 12 13 14 15 16 17 18 |
---------------+-------------------------------------------------------+-----
Fighting       | 4 5 6 7 8 9 10 11 12 | 12.6
Long Blades    | 2 3 4 6 7 8 9 10 11 12 13 14 | 14.3
Armour         | 4 5 6 7 8 9 10 11 12 13 | 13.3
Shields        | 4 5 6 7 8 9 10 11 12 13 14 16 17 | 17.1
Dodging        | 1 2 3 4 |  4.5
Invocations    | 2 4 6 7 9 10 11 12 13 14 | 14.2
Evocations     | 1 3 5 6 7 8 9 10 11 12 | 12.3
Throwing       | 1 2 3 |  3.8
Stealth        | 1 |  1.4

Action                   |  1- 3 |  4- 6 |  7- 9 | 10-12 | 13-15 | 16-18 | 19-21 || total
-------------------------+-------+-------+-------+-------+-------+-------+-------++-------
Melee: Long sword        |     4 |    38 |    89 |   283 |   327 |   315 |       ||  1056
       Falchion          |       |       |       |       |       |   122 |    20 ||   142
       Unarmed           |       |       |       |       |       |       |    21 ||    21
Throw: Tomahawk          |       |       |       |       |    11 |    13 |       ||    24
       Javelin           |       |       |       |       |       |    10 |       ||    10
Invok: Heroism           |       |       |       |     4 |     3 |     5 |     1 ||    13
       Finesse           |       |       |       |     2 |     3 |     3 |     1 ||     9
 Abil: Fly               |       |       |       |       |       |     1 |       ||     1
Evoke: Wand              |       |       |       |     9 |    14 |    19 |       ||    42
       Lamp of fire      |       |       |       |       |     1 |     1 |       ||     2
  Use: Potion            |       |     1 |     1 |    11 |     1 |     3 |     1 ||    18
       Scroll            |       |       |     5 |    11 |    10 |     3 |     3 ||    32
  Eat: Chunk             |       |       |       |     4 |     1 |     1 |     1 ||     7
       Ration            |       |       |       |     1 |     2 |     3 |       ||     6
Armor: Scale mail        |     2 |    19 |     1 |       |       |       |       ||    22
       Chain mail        |       |       |    56 |    65 |       |       |       ||   121
       Skin              |       |       |       |    19 |       |       |       ||    19
       Plate armour      |       |       |       |    34 |    97 |   205 |    11 ||   347
Dodge: Dodged            |     2 |    18 |    20 |    55 |    34 |   136 |    28 ||   293
Block: Shield            |     2 |    26 |    69 |   136 |   150 |   337 |    20 ||   740
       Rpst.: Long sword |     1 |     8 |     9 |    13 |     5 |    22 |       ||    58
       Falchion          |       |       |       |       |       |     1 |     3 ||     4
